 Dungeon Crawl Stone Soup version 0.30-a0-218-gedb9141078 (webtiles) character file.

Game seed: 5105717658850035614

66 Flugkiller the Cudgeller (level 3, -9/49 HPs)
             Began as an Armataur Chaos Knight on Oct 5, 2022.
             Was a Plaything of Xom.
             Mangled by Crazy Yiuf
             ... wielding a +3 quarterstaff of chaos
              (11 damage)
             ... on level 2 of the Dungeon.
             The game lasted 00:03:13 (1392 turns).

Flugkiller the Cudgeller (Armataur Chaos Knight)    Turns: 1392, Time: 00:03:13

Health: -9/49      AC:  6    Str: 19    XL:     3   Next: 96%
Magic:  3/3        EV:  9    Int: 12    God:    Xom [.*....]
Gold:   81         SH:  0    Dex: 15    Spells: 2/2 levels left

rFire   . . .      SeeInvis .    a - +0 mace (chaos)
rCold   . . .      Faith    .    (no shield)
rNeg    . . .      Spirit   .    b - +2 leather armour
rPois   .          Reflect  .    (no helmet)
rElec   .          Harm     .    (no cloak)
rCorr   .          Roll     +    (no gloves)
Will    .....                    (no barding)
Stlth   ..........               (no amulet)
HPRegen 0.28/turn                l - +6 ring of dexterity
MPRegen 0.08/turn                (no ring)

@: berserking, lethally poisoned (-9 -> -23), very quick
A: large, rugged brown scales 3, deformed body, armoured tail, roll, long
tongue, awkward tongue
a: Renounce Religion


You were on level 2 of the Dungeon.
You worshipped Xom.
You were a plaything of Xom.
You visited 1 branch of the dungeon, and saw 2 of its levels.

You collected 81 gold pieces.

Inventory:

Hand Weapons
 a - a +0 mace of chaos (weapon)
Armour
 b - a +2 leather armour (worn)
Magical Staves
 j - a staff of earth
   (You found it on level 1 of the Dungeon)
Jewellery
 l - a +6 ring of dexterity (left hand)
   (You found it on level 2 of the Dungeon)
Wands
 o - a wand of flame (13)
   (You found it on level 2 of the Dungeon)
Scrolls
 f - a scroll of vulnerability
 g - 3 scrolls of brand weapon {unknown}
 m - a scroll of silence {unknown}
 t - a scroll of teleportation
Potions
 d - a potion of brilliance {unknown}
 h - a potion of flight {unknown}
 i - a potion of attraction {unknown}
 k - a potion of resistance {unknown}
 n - a potion of ambrosia {unknown}
Miscellaneous
 c - a piece from Xom's chessboard (15/15) (quivered)


   Skills:
 + Level 3.4 Fighting
 + Level 3.4 Maces & Flails
 - Level 2.8 Armour
 - Level 1.1 Dodging


You had 2 spell levels left.
You didn't know any spells.
Your spell library contained the following spells:

 Spells                   Type           Power      Damage    Failure   Level
 Beastly Appendage        Tmut           0%         N/A       36%         1
 Wereblood                Tmut           0%         N/A       52%         2
 Spider Form              Tmut/Pois      0%         N/A       75%         3


Dungeon Overview and Level Annotations

Branches:
Dungeon (2/15) Zot: 10575

Altars:

Shops:
D:2 [

Annotations:
D:2 1 runed translucent door, Crazy Yiuf


Innate Abilities, Weirdness & Mutations

You are completely covered in rugged brown scales. (AC +3, +7% HP)
Armour fits poorly on your strangely shaped body.
You have a long armoured tail.
You roll when moving toward enemies. (Rampage)
Your long tongue fully drains potion bottles. (2x potion effects)
Your tongue gives you trouble enunciating. (1.5x scroll delay)


Message History

There is an open door here.
Found a spear.
An adder comes into view.
The adder hisses angrily.
An adder is nearby!
You roll towards the adder!
Found a stone staircase leading down.
You roll towards the adder!
Found a glowing blue potion.
You completely miss the adder. The adder barely misses you.
You hit the adder.
The adder seems to grow stronger.
You tail-slap the adder.
The adder is heavily wounded.
The adder bites you but does no damage. x2
You barely miss the adder. Your punch misses the adder.
The adder is heavily wounded.
The adder completely misses you. The adder bites you but does no damage.
You barely miss the adder.
The adder is heavily wounded.
The adder bites you but does no damage.
You closely miss the adder. You tail-slap the adder.
You kill the adder!
No target in view!
No target in view!
No target in view!
Found a dagger.
d - a glowing blue potion
Found an escape hatch in the ceiling.
Found a sling.
No target in view!
No target in view!
No target in view!
No target in view!
A kobold comes into view. It is wielding a +0 dagger.
You see here 3 scrolls labelled KAKLEZOOFE.
A kobold is nearby!
A kobold is nearby!
A kobold is nearby!
You roll towards the kobold!
Found 10 gold pieces.
The kobold shouts!
You roll towards the kobold!
You hit the kobold.
You kill the kobold!
No target in view!
No target in view!
No target in view!
No target in view!
No target in view!
No target in view!
g - 3 scrolls labelled KAKLEZOOFE You now have 68 gold pieces (gained 10).
Found a hammer.
Found a runed translucent door.
Crazy Yiuf shouts!
Crazy Yiuf says, "Ghoul verde illywillydillykilly!"
Things that are here:
a +0 dagger; a stone; a kobold corpse
Found a stone staircase leading up.
A hobgoblin comes into view.
The hobgoblin shouts!
You barely miss the hobgoblin. The hobgoblin completely misses you.
You hit the hobgoblin.
You kill the hobgoblin!
No target in view!
No target in view!
No target in view!
No target in view!
No target in view!
You now have 81 gold pieces (gained 13).
You see here a +0 robe. "Let's go for a ride!"
Your surroundings suddenly seem different.
Your surroundings suddenly seem different.
Your surroundings seem slightly different.
Your surroundings suddenly seem different.
Crazy Yiuf is nearby!
Crazy Yiuf is nearby!
You catch the helpless Crazy Yiuf completely off-guard!
You hit Crazy Yiuf.
Crazy Yiuf is lightly wounded.
Crazy Yiuf barely misses you.
Crazy Yiuf hits you with a +3 quarterstaff of chaos.
Crazy Yiuf burns you.
You sock Crazy Yiuf! You freeze Crazy Yiuf.
Crazy Yiuf is severely wounded.
Crazy Yiuf hits you with a +3 quarterstaff of chaos.
Crazy Yiuf draws strength from your wounds!
You barely miss Crazy Yiuf.
Crazy Yiuf is severely wounded.
Crazy Yiuf hits you with a +3 quarterstaff of chaos!
Crazy Yiuf draws strength from your wounds!
You are too injured to fight recklessly!
You hit Crazy Yiuf. You burn Crazy Yiuf.
Crazy Yiuf is heavily wounded.
Crazy Yiuf hits you with a +3 quarterstaff of chaos!
* * * LOW HITPOINT WARNING * * *
You are lethally poisoned!
Unknown command.
A red film seems to cover your vision as you go berserk!
You feel yourself moving faster!
You feel mighty!
* * * LOW HITPOINT WARNING * * *
You feel very sick.
Crazy Yiuf hits you with a +3 quarterstaff of chaos!
You die...

#..........#...#.#.#..
#.......##.#####.#.###
#.......##.......#....
#.......##############
########..........)..#
###............
#............ #####
#....#....... #).@#
#....#....#.. #.g.#
#....####.... #...#
#....####.... ##+##
#....#....... ♣.♣♣
#....#....).. ♣♣.♣
#..###....... ♣.♣♣
#..# #####... ♣♣.♣
#.## #... ♣♣.♣♣ #.#
#...


You could see Crazy Yiuf.

Vanquished Creatures
  2 adders (D:2)
  8 bats
  6 endoplasms (D:1)
  4 giant cockroaches
  3 goblins (D:1)
  3 hobgoblins
  8 kobolds
  3 quokkas (D:1)
  3 ball pythons
  4 frilled lizards
  3 rats
47 creatures vanquished.

Notes
Turn   | Place    | Note
-------+----------+-------------------------------------------
     0 | D:1      | Flugkiller the Armataur Chaos Knight began the quest for
                  | the Orb.
     0 | D:1      | Reached XP level 1. HP: 19/19 MP: 1/1
     1 | D:1      | XOM: silly message
   164 | D:1      | Reached XP level 2. HP: 18/26 MP: 2/2
   232 | D:1      | Reached skill level 1 in Dodging
   279 | D:1      | XOM: silly message
   528 | D:1      | Reached XP level 3. HP: 33/33 MP: 3/3
   602 | D:1      | XOM: divination: magic mapping
   720 | D:1      | XOM: divination: magic mapping
   828 | D:1      | XOM: silly message
   836 | D:1      | Found a faded altar of an unknown god.
   989 | D:2      | XOM: divination: magic mapping
  1117 | D:2      | XOM is BORED!
  1117 | D:2      | XOM: silly message
  1125 | D:2      | Found Cumag's Antique Armour Shop.
  1234 | D:2      | Found a runed translucent door.
  1235 | D:2      | Noticed Crazy Yiuf
  1387 | D:2      | XOM: 4-stop teleportation journey
  1392 | D:2      | HP: 2/49 [poisoned by Crazy Yiuf]
  1392 | D:2      | Mangled by Crazy Yiuf

Illustrated notes

Levels and vault maps discovered:
D:1:      lordsloth_arrival_two_stooges, layout_basic,
          dilly_ecumenical_altar_fadedgnrine
D:2:      layout_basic, serial_shops, nicolae_diamond_shop, patterned_corridor,
          uniq_crazy_yiuf_cottage

Skill      XL: |  1  2 |
---------------+-------+-----
Dodging        | 1 |  1.1
Maces & Flails | 3 |  3.4
Fighting       | 3 |  3.4
Armour         | |  2.8

Action                   || total
-------------------------++-------
Melee: Mace              ||   122
       Tailslap          ||     6
  Use: Scroll            ||     3
       Potion            ||     1
 Stab: Distracted        ||     1
Armor: Leather armour    ||    73
Dodge: Dodged            ||    67

Table legend: (Time is in decaauts)
 A = Elapsed time spent in this place.
 B = Non-inter-level travel time spent in this place.
 C = Inter-level travel time spent in this place.
 D = Time resting spent in this place.
 E = Time spent auto-exploring this place.
 F = Levels seen in this place.
 G = Mean time per level.
                   A        B        C        D        E       F      G
               +--------+--------+--------+--------+--------+-----+--------+
         Total |   1423 |   1400 |     23 |     99 |    947 |   2 |  711.5 |
       Dungeon |   1423 |   1400 |     23 |     99 |    947 |   2 |  711.5 |
               +--------+--------+--------+--------+--------+-----+--------+

Top non-repeatable levels by time:
     D:1: 886 daAuts
     D:2: 536 daAuts
